 Dungeon Crawl Stone Soup version 0.30.1-6-gbe392663c4 (webtiles) character file.

Game seed: 14582176306214896584

20 ChiefBigBeans the Shooter (level 2, -2/26 HPs)
             Began as an Armataur Hunter on Sept 21, 2023.
             Slain by a goblin
             ... wielding a +0 club
             ... led by Robin
              (3 damage)
             ... on level 3 of the Dungeon.
             The game lasted 00:02:05 (792 turns).

ChiefBigBeans the Shooter (Armataur Hunter)          Turns: 792, Time: 00:02:06

Health: -2/26      AC:  4    Str: 16    XL:     2   Next: 58%
Magic:  2/2        EV:  9    Int:  9    God:
Gold:   99         SH:  0    Dex: 13    Spells: 1/1 levels left

rFire   . . .        d - +0 arbalest
rCold   . . .        (shield currently unavailable)
rNeg    . . .        c - +0 leather armour
rPois   .            (no helmet)
rElec   .            (no cloak)
rCorr   .            (no gloves)
SInv    .            (no barding)
Will    .....        (no amulet)
Stlth   +            (no ring)
HPRegen 0.24/turn    (no ring)
MPRegen 0.08/turn

%: roll
@: no status effects
A: large, rugged brown scales 3, deformed body, armoured tail, roll, long
tongue, awkward tongue
a: no special abilities


You were on level 3 of the Dungeon.
You visited 1 branch of the dungeon, and saw 3 of its levels.

You collected 99 gold pieces.

Inventory:

Hand Weapons
 a - a +0 shortbow
 d - a +0 arbalest (weapon)
Armour
 c - a +0 leather armour (worn)
Scrolls
 b - a scroll of immolation
 e - a scroll of identify {unknown}
 f - a scroll of enchant weapon {unknown}
Potions
 g - a potion of magic {unknown}
 h - a potion of haste {unknown}
 i - a potion of lignification {unknown}


   Skills:
 + Level 2.4 Fighting
 + Level 3.2 Ranged Weapons
 - Level 1.3 Dodging
 - Level 1.1 Stealth


You had one spell level left.
You didn't know any spells.
Your spell library was empty.

Dungeon Overview and Level Annotations

Branches:
Dungeon (3/15)

Altars:

Annotations:
D:2 Robin


Innate Abilities, Weirdness & Mutations

You are completely covered in rugged brown scales. (AC +3, +7% HP)
Armour fits poorly on your strangely shaped body.
You have a long armoured tail.
You roll when moving toward enemies. (Rampage)
Your long tongue fully drains potion bottles. (2x potion effects)
Your tongue gives you trouble enunciating. (1.5x scroll delay)


Message History

You climb downwards.
There is a stone staircase leading up, spattered with blood here.
You shoot a bolt. The bolt barely misses the goblin.
The goblin barely misses you. The goblin hits you with a +0 club.
The goblin closely misses you.
You shoot a bolt. The bolt closely misses the goblin.
The goblin hits you but does no damage. The goblin barely misses you. x2
The goblin hits you with a +0 dagger. The goblin closely misses you.
The goblin hits you with a +0 dagger.
You shoot a bolt. The bolt closely misses the goblin.
The goblin hits you with a +0 dagger. x2; The goblin hits you with a +0 club.
The goblin misses you. The goblin hits you with a +0 club.
The goblin hits you but does no damage.
You are too injured to fight recklessly!
You shoot a bolt. The bolt barely misses the goblin.
The goblin hits you with a +0 dagger.
The goblin hits you but does no damage. x3
The goblin closely misses you. The goblin hits you but does no damage.
You shoot a bolt. The bolt barely misses the goblin.
The goblin hits you but does no damage. The goblin closely misses you.
The goblin hits you but does no damage. The goblin closely misses you.
The goblin completely misses you. The goblin barely misses you.
You shoot a bolt. The bolt closely misses the goblin.
The goblin hits you with a +0 dagger. The goblin hits you with a +0 club.
* * * LOW HITPOINT WARNING * * *
The goblin hits you but does no damage.
You shoot a bolt. The bolt closely misses the goblin.
The goblin hits you but does no damage. x3; The goblin barely misses you. x2
The goblin hits you but does no damage.
You shoot a bolt. The bolt completely misses the goblin.
The goblin barely misses you. The goblin closely misses you.
The goblin hits you with a +0 dagger.
* * * LOW HITPOINT WARNING * * *
The goblin hits you but does no damage. The goblin hits you with a +0 club.
* * * LOW HITPOINT WARNING * * *
The goblin hits you but does no damage.
You shoot a bolt. The bolt barely misses the goblin.
The goblin barely misses you. x2; The goblin hits you with a +0 dagger.
* * * LOW HITPOINT WARNING * * *
The goblin hits you with a +0 club.
You die...

#### #.###..
#...gg########
#@g.......
#########.


You could see 3 goblins.

Vanquished Creatures
  An endoplasm (D:1)
  2 giant cockroaches
  7 goblins
  2 hobgoblins (D:1)
  A kobold (D:1)
  2 bats (D:2)
  2 frilled lizards (D:1)
  2 rats (D:2)
19 creatures vanquished.

Notes
Turn   | Place    | Note
-------+----------+-------------------------------------------
     0 | D:1      | ChiefBigBeans the Armataur Hunter began the quest for the
                  | Orb.
     0 | D:1      | Reached XP level 1. HP: 18/18 MP: 1/1
    36 | D:1      | Reached skill level 3 in Ranged Weapons
   317 | D:1      | Reached XP level 2. HP: 25/25 MP: 2/2
   487 | D:1      | Found a faded altar of an unknown god.
   721 | D:2      | Noticed Robin
   791 | D:3      | HP: 1/26 [goblin/+0 club[Robin] (3)]
   792 | D:3      | Slain by a goblin

Illustrated notes

Levels and vault maps discovered:
D:1:      minmay_arrival_five_plusses, layout_loops_ring,
          shapermc_ecumenical_altar_notcrosses, wad_floor_pattern_2
D:2:      layout_rooms, dk_vineyard_3, uniq_robin
D:3:      layout_basic, uniq_sigmund

Skill      XL: |  1 |
---------------+----+-----
Ranged Weapons | 3 |  3.2
Fighting       | 2 |  2.4
Dodging        | |  1.3
Stealth        | |  1.1

Action                     || total
---------------------------++-------
   Fire: Arbalest          ||    50
 Armour: Leather armour    ||    23
  Dodge: Dodged            ||    29
